Map: Inside and Out

Players

swtnycboy

  • Race: Zerg Zerg
  • League: Diamond
  • Spawn Location: 7:00

Kibbler - Winner!

  • Race: Terran Terran
  • League: Diamond
  • Spawn Location: 1:00

VOD

Have the link to the VOD?

Description

Time

  • Played on: Dec. 15, 2022, 3:32 p.m.
  • Length: 15:49
Show
View Real Time Build Order
Export as new Build Order

swtnycboy Zerg 

Build Orders: Hatch First 

Get SALT Encoding   

  12  0:00  Drone  
  13  0:12  Overlord  
  13  0:17  Drone  
  14  0:30  Drone x2  
  14  0:34  Drone  
  17  0:51  Hatchery  
  17  0:53  Drone  
  17  1:08  Spawning Pool  
  17  1:09  Drone  
  17  1:14  Drone  
  17  1:17  Drone  
  19  1:37  Drone  
  20  1:42  Hatchery  
  19  2:03  Queen x2  
  19  2:04  Drone  
  19  2:05  Drone x2  
  26  2:13  Overlord  
  26  2:18  Drone x2  
  28  2:31  Overlord  
  28  2:38  Drone x3  
  31  2:50  Drone x2, Queen  
  31  2:51  Queen  
  37  2:57  Queen  
  39  3:04  Drone x2  
  39  3:05  Drone  
  42  3:09  Drone  
  42  3:12  Overlord  
  43  3:18  Drone x2  
  43  3:19  Drone  
  46  3:29  Queen x2  
  46  3:33  Drone x2, Queen  
  54  3:34  Drone  
  54  3:36  Drone  
  56  3:45  Drone x2  
  56  3:46  Extractor  
  56  3:47  Drone  
  56  3:48  Overlord  
  58  4:03  Overlord x2  
  58  4:11  Drone, Extractor  
  58  4:12  Extractor  
  58  4:13  Drone  
  58  4:15  Hatchery  
  57  4:21  Drone  
  57  4:22  Drone x7  
  65  4:33  Drone x3  
  65  4:37  Queen  
  70  4:48  Metabolic Boost  
  70  4:52  Baneling Nest  
  69  4:54  Drone x4  
  69  4:56  Drone  
  74  5:03  Overlord x3  
  74  5:07  Extractor, Lair  
  73  5:16  Drone  
  73  5:17  Overlord x2  
  74  5:32  Drone  
  74  5:33  Drone x14  
  89  5:36  Extractor  
  89  5:39  Extractor  
  87  5:51  Hatchery  
  87  5:54  Zergling x2  
  87  5:55  Zergling x20  
  83  6:05  Zergling x10  
  83  6:21  Centrifugal Hooks  
  83  6:25  Zergling x6  
  85  6:26  Zergling x4  
  85  6:27  Overlord x6  
  88  6:43  Baneling x4  
  88  6:44  Baneling x3  
  88  6:45  Zergling x16  
  96  6:48  Drone  
  93  7:20  Queen  
  93  7:21  Drone  
  93  7:22  Drone x21  
  117  7:30  Drone x4  
  121  7:41  Evolution Chamber x2  
  121  7:42  Spire  
  121  7:43  Baneling  
  121  7:44  Baneling x9  
  118  7:45  Drone x6  
  118  7:46  Drone  
  118  7:47  Drone  
  126  8:22  Extractor  
  126  8:23  Extractor  
  124  8:35  Hatchery  
  123  8:43  Zerg Ground Armor Level 1, Zerg Melee Weapons Level 1  
  123  8:44  Queen  
  125  8:51  Baneling x8  
  125  9:02  Drone x3  
  128  9:03  Drone x7  
  128  9:04  Drone x6  
  128  9:05  Drone  
  128  9:09  Overlord x2  
  142  9:10  Overlord x5  
  142  9:11  Overlord  
  134  9:46  Mutalisk  
  134  9:47  Mutalisk x19  
  134  9:48  Mutalisk x3  
  134  9:49  Zergling x2  
  134  9:50  Zergling x20  
  134  9:52  Hatchery, Queen  
  192  9:58  Zerg Flyer Armor Level 1  
  192  9:59  Infestation Pit  
  187  10:23  Zergling x4  
  187  10:24  Zergling x26  
  198  10:34  Zergling x2  
  198  10:35  Zergling x22  
  180  10:46  Zergling x2  
  180  10:47  Zergling x22  
  192  10:55  Baneling  
  188  10:57  Zergling x2  
  188  10:58  Zergling x18  
  188  11:03  Baneling  
  194  11:04  Baneling x11  
  140  11:44  Zergling x2  
  140  11:45  Zergling x34  
  150  11:53  Hive  
  142  11:57  Baneling x10  
  142  12:02  Mutalisk x2  
  142  12:03  Mutalisk x4  
  142  12:07  Baneling x4  
  140  12:12  Extractor  
  131  12:28  Zergling x2  
  131  12:29  Zergling x40  
  130  12:34  Extractor  
  130  12:35  Extractor, Mutalisk  
  127  12:44  Zerg Melee Weapons Level 2, Zerg Ground Armor Level 2  
  127  12:46  Hatchery, Zerg Flyer Weapons Level 1  
  127  12:49  Baneling  
  127  12:50  Baneling x16  
  125  12:51  Baneling x4  
  125  12:58  Zergling x10  
  126  12:59  Zergling x16  
  127  13:08  Zergling x2  
  127  13:09  Zergling x8  
  132  13:20  Spore Crawler  
  132  13:21  Spine Crawler x4  
  132  13:22  Overseer  
  132  13:24  Overseer  
  127  13:29  Drone x2  
  127  13:30  Drone, Mutalisk x9  
  127  13:31  Mutalisk x3  
  137  13:56  Zergling x2  
  137  13:57  Zergling x28  
  119  14:23  Ultralisk Cavern  
  115  14:26  Overseer  
  115  14:28  Baneling  
  115  14:29  Baneling x5  
  113  14:32  Zergling x10  
  113  14:33  Zergling x22  
  113  14:35  Queen  
  113  14:36  Queen  
  98  15:10  Ultralisk x2  
  98  15:12  Zergling x2  
Show
View Real Time Build Order
Export as new Build Order

Kibbler Terran - Winner!

Build Orders: Reaper Expand 

Get SALT Encoding   

  12  0:00  SCV  
  13  0:12  SCV  
  14  0:19  Supply Depot  
  14  0:24  SCV  
  15  0:41  SCV  
  16  0:42  Barracks  
  16  0:46  Refinery  
  16  0:53  SCV  
  17  1:05  SCV  
  18  1:17  SCV  
  19  1:29  Orbital Command  
  19  1:31  Reaper  
  20  1:44  Command Center  
  20  1:53  Supply Depot  
  20  1:58  SCV  
  21  2:03  Marine  
  22  2:11  SCV  
  22  2:14  Barracks  
  23  2:21  Barracks Reactor  
  23  2:23  Refinery  
  23  2:25  SCV  
  24  2:33  Factory  
  24  2:37  SCV  
  25  2:50  SCV  
  25  2:56  Orbital Command  
  25  2:59  Marine x2  
  25  3:01  Barracks Tech Lab  
  25  3:02  SCV  
  28  3:14  SCV  
  29  3:25  Command Center  
  29  3:28  SCV  
  29  3:30  SCV  
  31  3:37  Starport  
  31  3:40  SCV  
  32  3:42  SCV  
  32  3:44  Stimpack  
  33  3:49  Factory Reactor  
  33  3:50  Marine x2  
  33  3:52  Marine  
  33  3:55  SCV  
  37  3:56  SCV  
  37  4:01  Supply Depot  
  38  4:07  SCV  
  38  4:08  SCV  
  40  4:11  Marine x3  
  43  4:19  SCV  
  43  4:20  SCV  
  45  4:29  Marine  
  46  4:31  Marine x2, SCV  
  46  4:32  SCV, Factory Tech Lab  
  46  4:33  Medivac  
  46  4:35  Medivac, Supply Depot  
  54  4:39  Orbital Command  
  54  4:43  SCV  
  55  4:46  Bunker, Marine  
  55  4:49  SCV  
  55  4:51  Marine  
  58  4:53  Supply Depot  
  58  4:54  Marine  
  58  4:55  SCV  
  58  4:57  Siege Tank  
  63  5:05  Refinery  
  63  5:06  Refinery  
  63  5:10  Supply Depot  
  63  5:12  Marine x2  
  63  5:13  Marine  
  66  5:17  Engineering Bay  
  66  5:20  Engineering Bay  
  66  5:24  Medivac x2  
  66  5:26  Orbital Command  
  66  5:27  Combat Shield  
  70  5:41  Barracks  
  70  5:45  Barracks  
  70  5:47  Supply Depot, Terran Infantry Weapons Level 1  
  70  5:49  Barracks  
  70  5:52  Terran Infantry Armor Level 1  
  70  6:08  Marine x3  
  70  6:09  Siege Tank  
  75  6:22  SCV x3  
  78  6:25  Marine  
  78  6:26  Medivac, Marine  
  78  6:31  Supply Depot  
  82  6:33  Armory  
  82  6:34  SCV x2  
  82  6:37  Barracks Reactor  
  84  6:41  Siege Tank  
  84  6:42  Command Center  
  87  6:47  Marine x3  
  87  6:50  SCV, Factory  
  87  6:51  SCV x2  
  93  7:03  SCV  
  87  7:10  Marine x3  
  90  7:16  Liberator  
  90  7:17  Liberator  
  90  7:18  SCV x2  
  90  7:21  Supply Depot  
  90  7:22  Terran Vehicle Weapons Level 1  
  98  7:23  SCV, Supply Depot  
  98  7:27  Refinery  
  98  7:28  Refinery  
  99  7:30  SCV x2  
  99  7:33  Marine, Siege Tank  
  99  7:34  Marine x2  
  107  7:37  Barracks Reactor  
  107  7:40  SCV  
  107  7:42  SCV x2  
  110  7:51  Marine  
  110  7:52  SCV  
  110  7:54  SCV  
  110  7:55  SCV  
  114  8:02  Supply Depot  
  114  8:04  SCV  
  114  8:05  Marine x3, Command Center  
  116  8:06  SCV, Supply Depot  
  116  8:09  Marine  
  118  8:19  Factory Reactor  
  114  8:21  Drilling Claws  
  114  8:22  Widow Mine  
  114  8:23  Marine, SCV x2  
  114  8:25  Supply Depot  
  120  8:28  Marine  
  120  8:29  Marine x3  
  120  8:32  Barracks Reactor  
  123  8:34  Terran Infantry Weapons Level 2  
  123  8:36  Barracks  
  123  8:38  Barracks, Terran Infantry Armor Level 2  
  123  8:40  SCV  
  123  8:41  Marine  
  125  8:43  Widow Mine  
  125  8:46  Marine x4  
  131  8:50  Medivac  
  131  8:51  Liberator  
  136  8:56  Widow Mine x2  
  136  8:58  Marine, SCV  
  136  8:59  SCV x3  
  136  9:02  Missile Turret  
  145  9:05  Siege Tank  
  148  9:17  Widow Mine  
  148  9:23  Refinery  
  150  9:27  Marine  
  150  9:28  Marine x6  
  150  9:31  Terran Ship Weapons Level 1  
  157  9:37  SCV, Siege Tank  
  157  9:45  Marine  
  156  9:46  Marine x6  
  163  9:56  SCV  
  163  9:57  SCV  
  163  9:58  Planetary Fortress  
  163  9:59  Refinery  
  165  10:03  Marine x4  
  165  10:04  Marine x3, Command Center  
  172  10:09  Siege Tank  
  172  10:10  Widow Mine x2  
  172  10:13  Ghost Academy  
  179  10:21  Marine x5  
  176  10:22  Marine  
  176  10:23  Marine  
  173  10:32  Widow Mine x2  
  165  10:39  Marine x4  
  165  10:41  Siege Tank  
  165  10:42  Marine x3  
  156  10:48  Barracks Tech Lab  
  156  10:49  Barracks Tech Lab  
  158  10:52  Terran Infantry Weapons Level 3, Armory  
  158  10:53  Widow Mine x2  
  158  10:56  Marine  
  153  10:57  Marine x3  
  153  11:00  Marine x3  
  157  11:05  Marine  
  158  11:12  Marine x2  
  158  11:13  Widow Mine  
  158  11:14  Marine, Widow Mine  
  158  11:15  Widow Mine  
  158  11:17  Marine x5  
  158  11:18  Marine x2  
  174  11:31  Marauder  
  170  11:33  Marine  
  170  11:35  Widow Mine, Marauder  
  170  11:36  Marine x7, Marauder, Widow Mine x2  
  140  11:48  SCV x3  
  140  11:51  Planetary Fortress, Marine  
  140  11:52  Marauder  
  140  11:54  Marine x7  
  140  11:56  Marine, Widow Mine  
  140  11:57  Marine  
  140  12:00  Widow Mine x2  
  151  12:09  Marine  
  151  12:10  Starport x2  
  151  12:11  Marine  
  151  12:12  Marine x3  
  151  12:13  Marauder  
  158  12:21  Marine  
  146  12:30  Marine x9  
  146  12:34  Marine, Refinery  
  155  12:37  Missile Turret, Refinery  
  155  12:38  Marine  
  155  12:40  Missile Turret  
  155  12:43  Sensor Tower  
  157  12:44  SCV x3  
  157  12:47  Marine  
  157  12:48  Ghost x2, Marine x2  
  165  12:52  Ghost  
  165  12:56  Command Center  
  167  12:59  Terran Infantry Armor Level 3  
  167  13:00  Terran Vehicle Weapons Level 2  
  167  13:04  Missile Turret  
  163  13:05  Starport Reactor  
  163  13:06  Starport Reactor  
  163  13:07  Medivac x2  
  167  13:22  Infernal Pre-Igniter  
  167  13:24  Hellbat x2  
  171  13:30  Barracks  
  171  13:37  Medivac x2  
  171  13:38  Siege Tank  
  171  13:39  Factory, Supply Depot x2  
  178  13:45  Hellbat  
  166  13:52  Marine  
  166  13:53  Marine x10  
  171  13:57  Hellbat  
  168  14:10  Marine  
  168  14:11  Marine x3, Hellbat x2, Marauder  
  176  14:26  Planetary Fortress  
  176  14:29  Sensor Tower  
  176  14:32  Siege Tank  
  176  14:33  Factory Tech Lab  
  179  14:39  Factory  
  179  14:44  Marine  
  179  14:45  Marine, Marauder x2  
  185  14:50  Supply Depot  
  181  15:04  Siege Tank  
  182  15:09  Viking x3  
  182  15:13  Supply Depot  
  182  15:14  Marine x6, Marauder x2  
Tags
 
Add a new tag
Caveats
  • Supply blocks, unpowered buildings, or Contaminate may cause inaccurate times.
  • Supply counts are checked every 10 seconds.